 Dungeon Crawl Stone Soup version 0.30-b1-2-g02819fbbbe (webtiles) character file.

Game seed: 11230041419986549771

40520 Armakuni the Carver (level 13, -7/113 HPs)
             Began as a Demigod Fighter on May 13, 2023.
             Killed from afar by an ice statue (23 damage)
             ... with a freezing blast
             ... in an ice cave.
             The game lasted 00:40:13 (16364 turns).

Armakuni the Carver (Demigod Fighter)              Turns: 16364, Time: 00:40:14

Health: -7/113     AC: 20    Str: 15    XL:     13   Next: 40%
Magic:  25/25      EV: 20    Int:  6    God:
Gold:   1391       SH: 13    Dex: 29    Spells: 12/12 levels left

rFire   . . .        a - +2 demon blade (vamp)
rCold   . . .        B - +1 buckler
rNeg    + . .        x - +4 ring mail of Fubij {Contam Fly rElec Str-2}
rPois   +            c - +3 helmet "Enodays" {rCorr Str-4 Int-4 Dex+4}
rElec   +            k - +0 cloak of Yshruvayk {+Blink rPois rN+}
rCorr   +            D - +0 pair of gloves
SInv    +            A - +0 pair of boots
Will    +....        H - amulet of reflection
Stlth   ++           C - ring of magical power
HPRegen 0.38/turn    I - ring of see invisible
MPRegen 0.19/turn

%: reflection
@: flying
A: high MP 1, forlorn, divine attributes
a: Evoke Blink


You were in an ice cave.
You visited 2 branches of the dungeon, and saw 17 of its levels.
You also visited: Ossuary and Ice Cave.

You collected 1722 gold pieces.
You spent 331 gold pieces at shops.

Inventory:

Hand Weapons
 a - a +2 vampiric demon blade (weapon)
Missiles
 p - 5 curare-tipped darts
 F - 2 throwing nets (quivered)
Armour
 c - the +3 helmet "Enodays" (worn) {rCorr Str-4 Int-4 Dex+4}
   (You bought it in a shop on level 11 of the Dungeon)

   Str:       It affects your strength (-4).
   Int:       It affects your intelligence (-4).
   Dex:       It affects your dexterity (+4).
   rCorr:     It protects you from acid and corrosion.
 k - the +0 cloak of Yshruvayk (worn) {+Blink rPois rN+}
   (You acquired it on level 4 of the Dungeon)

   rPois:     It protects you from poison.
   rN:        It protects you from negative energy.
   +Blink:    It lets you blink.
 x - the +4 ring mail of Fubij (worn) {Contam Fly rElec Str-2}
   (You found it on level 8 of the Dungeon)

   Str:       It affects your strength (-2).
   rElec:     It insulates you from electricity.
   Fly:       It grants you flight.
   Contam:    It causes magical contamination when unequipped.
 A - a +0 pair of boots (worn)
 B - a +1 buckler (worn)
 D - a +0 pair of gloves (worn)
Jewellery
 C - a ring of magical power (left hand)
 H - an amulet of reflection (around neck)
 I - a ring of see invisible (right hand)
Wands
 h - a wand of acid (5)
 m - a wand of mindburst (19)
 v - a wand of charming (2)
Scrolls
 b - 2 scrolls of noise
 e - 2 scrolls of poison
 f - 5 scrolls of fog
 i - 5 scrolls of amnesia
 q - 2 scrolls of immolation
 r - a scroll of torment
 s - 3 scrolls of enchant armour
 u - 2 scrolls of vulnerability
 y - 3 scrolls of fear
 E - a scroll of teleportation
Potions
 d - a potion of magic
 g - 4 potions of flight
 j - 3 potions of curing
 n - a potion of haste
 o - a potion of ambrosia {unknown}
 t - 4 potions of brilliance
 w - a potion of mutation {unknown}
 z - 2 potions of lignification
Miscellaneous
 l - a lightning rod (4/4)


   Skills:
 - Level 10.0 Fighting
 - Level 14.0 Long Blades
 - Level 10.0 Armour
 - Level 10.0 Dodging
 - Level 5.0 Shields
 + Level 3.0 Evocations


You had 12 spell levels left.
You didn't know any spells.
Your spell library contained the following spells:

 Spells                   Type           Power      Damage    Failure   Level
 Apportation              Tloc           0%         N/A       73%         1
 Kiss of Death            Conj/Necr      0%         2d5       73%         1
 Blink                    Tloc           0%         N/A       86%         2
 Ensorcelled Hibernation  Hex/Ice        0%         N/A       86%         2
 Scorch                   Fire           0%         2d5       86%         2
 Confusing Touch          Hex            0%         N/A       97%         3
 Ozocubu's Armour         Ice            0%         N/A       97%         3
 Spider Form              Tmut/Pois      0%         N/A       97%         3
 Tukima's Dance           Hex            0%         N/A       97%         3
 Anguish                  Hex/Necr       0%         N/A       100%        4
 Dispel Undead            Necr           0%         3d6       100%        4
 Flame Wave               Conj/Fire      0%         2d4       100%        4
 Manifold Assault         Tloc           0%         N/A       100%        4
 Passage of Golubria      Tloc           0%         N/A       100%        4
 Alistair's Intoxication  Tmut/Pois      0%         N/A       100%        5
 Iskenderun's Battlesphe  Conj           0%         2d6       100%        5
 Metabolic Englaciation   Hex/Ice        0%         N/A       100%        5
 Summon Forest            Summ/Tloc      0%         N/A       100%        5
 Summon Mana Viper        Hex/Summ       0%         N/A       100%        5
 Yara's Violent Unravell  Hex/Tmut       0%         3d3       100%        5
 Iron Shot                Conj/Erth      0%         9d1       100%        6
 Simulacrum               Ice/Necr       0%         N/A       100%        6
 Summon Cactus Giant      Summ           0%         N/A       100%        6
 Ozocubu's Refrigeration  Ice            0%         4d7       100%        7
 Spellforged Servitor     Conj/Summ      0%         N/A       100%        7
 Storm Form               Tmut/Air       0%         N/A       100%        7
 Borgnjor's Revivificati  Necr           0%         N/A       100%        8
 Necromutation            Tmut/Necr      0%         N/A       100%        8
 Death's Door             Necr           0%         N/A       100%        9


Dungeon Overview and Level Annotations

Branches:
Dungeon (14/15)            Temple (0/1) D:6            Lair (3/5) D:11
 Shoals (0/4) Lair:2          Orc (0/2) D:11         Vaults (0/5) D:13
Ossuary (visited)           IceCv (1/1)
  Snake: Lair:2-3    Spider: Lair:2-3

Shops:
D:11 [(   D:12 (

Annotations:
D:3 2 transporters, Arum's ghost, amateur FoFi
Lair:3 Yjeari's ghost, journeyman GrMo IceCv 1 transporter, exclusion: 2 ice statues


Innate Abilities, Weirdness & Mutations

You have an increased reservoir of magic. (+10% MP)
You shall have no god before yourself.
Your divine heritage dramatically boosts your attributes as you level up.


Message History

You feel better.
You are engulfed in freezing vapours.
Your freezing wraith hits the ice statue.
Your freezing wraith freezes the ice statue.
The ice statue completely resists.
Your freezing wraith hits the ice statue.
Your freezing wraith drains the ice statue's vigour!
The ice beast misses you. The ice beast closely misses you.
The ice beast hits your freezing wraith but does no damage.
You feel better.
You are engulfed in freezing vapours.
* * * LOW HITPOINT WARNING * * *
Your freezing wraith hits the ice beast!
Your freezing wraith freezes the ice beast.
The ice beast completely resists.
Your freezing wraith hits the ice beast!
Your freezing wraith drains the ice beast's vigour!
The ice beast seems to slow down.
You block the ice beast's attack. The ice beast closely misses you.
The ice statue gestures.
The ice beast hits your freezing wraith but does no damage.
You feel better.
You are engulfed in freezing vapours.
* * * LOW HITPOINT WARNING * * *
The ice statue gestures at you. The bolt of cold hits you!
* * * LOW HITPOINT WARNING * * *
Your freezing wraith hits the ice beast!
The ice beast dies!
The ice beast disappears in a puff of smoke!
You block the ice beast's attack.
The ice beast hits you but does no damage.
You feel better.
The ice statue gestures.
Your freezing wraith hits the ice statue but does no damage. x2
You block the ice beast's attack.
The ice beast misses your freezing wraith.
The ice beast completely misses you.
You feel better.
The freezing wraith is no longer charmed.
The ice statue gestures at you. The freezing blast engulfs you!!
You die...

###############
#©.°8.Y!|.8..∩#
#.°@WY!=$Y....#
##8YY.......8#
##8.......8#
##8..©..8#
###########
##...8©8...##
#...=.©.....#
##......!....##
#.............#


You could see 2 ice statues, a freezing wraith and 5 ice beasts.

Vanquished Creatures
  A tengu reaver (D:13)
  Harold (Lair:2)
  3 centaur warriors (D:13)
  2 ogre magi (D:13)
  2 hydras (D:13)
  3 boulder beetles
  A death yak (D:12)
  4 two-headed ogres
  Nergalle (Lair:2)
  2 harpies (Lair:2)
  An orc knight (D:11)
  A deep elf pyromancer (D:13)
  4 ugly things
  3 cyclopes
  3 manticores
  5 black mambas
  5 elephants (Lair:2)
  A gargoyle (D:12)
  3 cane toads
  A rime drake (Lair:2)
  3 komodo dragons (Lair:1)
  A kobold demonologist (D:11)
  2 tengu conjurers (D:13)
  A hornet (D:8)
  3 trolls
  Prince Ribbit (D:7)
  3 blink frogs (Lair:3)
  6 slime creatures (D:12)
  A centaur simulacrum (D:12)
  5 wyverns
  A shadow (D:11)
  32 yaks
  A fire bat (Lair:2)
  4 wraiths
  2 basilisks
  4 steam dragons
  4 vampire mosquitoes (D:12)
  A death yak simulacrum (IceCv)
  2 acid dragons
  10 water moccasins
  5 orc warriors
  3 black bears
  4 ogres
  3 ice beasts
  9 wolves
  3 centaurs
  7 bullfrogs
  4 elf zombies (Ossuary)
  2 kobold brigands
  A gnoll sergeant (D:8)
  2 scorpions
  A cane toad simulacrum (IceCv)
  7 wights
  12 killer bees
  A vampire bat (Lair:2)
  8 howler monkeys
  4 centaur zombies (Ossuary)
  4 orc priests
  2 hounds (D:5)
  3 sleepcaps
  A gnoll bouda (D:9)
  4 human zombies (Ossuary)
  3 jellies
  3 iguanas
  16 orc wizards
  A boggart simulacrum (D:12)
  3 mummies (Ossuary)
  3 gnolls (D:9)
  8 adders
  4 white imps
  3 ufetubi
  A worm (D:2)
  5 dart slugs
  41 orcs
  5 endoplasms
  A giant cockroach (D:4)
  8 goblins
  9 hobgoblins
  6 jackals
  8 ball pythons
  11 bats
  3 frilled lizards (D:2)
  12 kobolds
  4 rats
382 creatures vanquished.

Vanquished Creatures (collateral kills)
  A two-headed ogre (D:13)
  An ugly thing (D:14)
  Grum (D:9)
  An elephant simulacrum (IceCv)
  A gnoll (D:9)
5 creatures vanquished.

Vanquished Creatures (others)
  2 ugly things (D:14)
  A wight (D:10)
  9 fungi
  10 plants
  6 withered plants (D:9)
28 creatures vanquished.

Grand Total: 415 creatures vanquished

Notes
Turn   | Place    | Note
-------+----------+-------------------------------------------
     0 | D:1      | Armakuni the Demigod Fighter began the quest for the Orb.
     0 | D:1      | Reached XP level 1. HP: 18/18 MP: 3/3
   215 | D:1      | Reached skill level 2 in Long Blades
   474 | D:1      | Reached XP level 2. HP: 25/25 MP: 4/4
   963 | D:2      | Reached skill level 3 in Long Blades
  1049 | D:2      | Reached XP level 3. HP: 30/30 MP: 5/5
  1787 | D:3      | Found a transporter.
  1794 | D:3      | Noticed Arum's ghost (amateur FoFi)
  1885 | D:3      | Reached skill level 4 in Long Blades
  1932 | D:3      | Reached XP level 4. HP: 35/37 MP: 6/6
  2194 | D:3      | Found a transporter.
  2754 | D:4      | Reached skill level 5 in Long Blades
  2754 | D:4      | Reached XP level 5. HP: 27/42 MP: 7/7
  3169 | D:4      | Noticed an ogre
  3176 | D:4      | Killed an ogre
  3277 | D:4      | Identified 3 scrolls of acquirement
  3277 | D:4      | Acquired the +0 cloak of Yshruvayk {+Blink rPois rN+}
  3537 | D:5      | Entered Level 5 of the Dungeon
  3584 | D:5      | Identified the +10 dagger of Reason {distort, Str+2}
  3746 | D:5      | Reached skill level 6 in Long Blades
  3753 | D:5      | Acquired 381 gold pieces
  3755 | D:5      | Acquired a +2 vampiric demon blade
  3773 | D:5      | Noticed an orc warrior
  3786 | D:5      | Reached XP level 6. HP: 24/50 MP: 8/8
  3915 | D:5      | Reached skill level 7 in Long Blades
  3968 | D:5      | Reached XP level 7. HP: 55/56 MP: 9/9
  4494 | D:6      | Reached skill level 8 in Long Blades
  4591 | D:7      | Reached skill level 9 in Long Blades
  4600 | D:6      | Reached XP level 8. HP: 48/62 MP: 10/10
  4723 | D:6      | Found a sand-covered staircase.
  4727 | Ossuary  | Entered an ossuary
  4917 | Ossuary  | Reached skill level 10 in Long Blades
  5238 | D:6      | Reached skill level 11 in Long Blades
  5604 | D:6      | Identified the +2 robe "Xyottaq" {Int+3}
  5617 | D:6      | Reached XP level 9. HP: 68/68 MP: 11/11
  5917 | D:6      | Found a staircase to the Ecumenical Temple.
  6265 | D:7      | Reached skill level 12 in Long Blades
  6294 | D:7      | Noticed Prince Ribbit
  6307 | D:7      | Killed Prince Ribbit
  6996 | D:8      | Reached skill level 13 in Long Blades
  7036 | D:8      | Identified the +4 ring mail of Fubij {Contam Fly rElec
                  | Str-2}
  7501 | D:8      | Reached XP level 10. HP: 69/74 MP: 13/13
  8191 | D:9      | Noticed a two-headed ogre
  8208 | D:9      | Killed a two-headed ogre
  8209 | D:9      | Reached skill level 14 in Long Blades
  8345 | D:9      | Noticed Grum
  8367 | D:9      | You are sucked into a shaft and drop 2 floors!
  8400 | D:11     | Noticed a boulder beetle
  8409 | D:11     | Killed a boulder beetle
  8410 | D:11     | Reached skill level 5 in Fighting
  8432 | D:11     | Noticed a manticore
  8433 | D:11     | Found a staircase to the Lair.
  8438 | D:11     | Killed a manticore
  8442 | Lair:1   | Entered Level 1 of the Lair of Beasts
  8454 | D:10     | Entered Level 10 of the Dungeon
  8492 | D:11     | Noticed a cyclops
  8524 | D:11     | Killed a cyclops
  8918 | D:11     | Noticed a manticore
  8937 | D:11     | Killed a manticore
  8938 | D:11     | Reached XP level 11. HP: 64/95 MP: 14/14
  9306 | D:11     | Found Hocui's Weapon Boutique.
  9306 | D:11     | Noticed an orc knight
  9351 | D:11     | Killed an orc knight
  9363 | D:11     | Reached skill level 10 in Fighting
  9541 | D:11     | Found a staircase to the Orcish Mines.
  9542 | D:11     | Found Nocir's Armour Boutique.
  9555 | D:11     | Bought the +3 helmet "Enodays" {rCorr Str-4 Int-4 Dex+4}
                  | for 331 gold pieces
  9939 | D:10     | Reached skill level 5 in Shields
 10368 | D:9      | Killed Grum
 10535 | D:9      | Noticed a two-headed ogre
 10544 | D:9      | Killed a two-headed ogre
 10545 | D:9      | Reached skill level 5 in Armour
 11206 | D:12     | Found Cadac Dush's Weapon Emporium.
 11680 | D:12     | Noticed a boulder beetle
 11713 | D:12     | Killed a boulder beetle
 11714 | D:12     | Reached XP level 12. HP: 59/106 MP: 15/15
 12569 | D:13     | Noticed an ogre mage
 12570 | D:13     | Noticed a boulder beetle
 12575 | D:13     | Noticed a centaur warrior
 12580 | D:13     | Killed an ogre mage
 12587 | D:13     | Killed a centaur warrior
 12594 | D:13     | Noticed a five-headed hydra
 12805 | D:13     | Noticed a centaur warrior
 12826 | D:13     | Killed a centaur warrior
 13078 | D:13     | Noticed a five-headed hydra
 13089 | D:13     | Killed a 13-headed hydra
 13271 | D:13     | Noticed a centaur warrior
 13274 | D:13     | Found the sphere of Battle
 13275 | D:13     | Noticed a tengu reaver
 13280 | D:13     | Killed a centaur warrior
 13281 | D:13     | Reached skill level 10 in Armour
 13281 | D:13     | Reached skill level 1 in Dodging
 13288 | D:13     | Killed a tengu reaver
 13601 | D:13     | Killed a nine-headed hydra
 13630 | D:13     | Killed a boulder beetle
 13946 | D:13     | Found a gate to the Vaults.
 13947 | D:13     | Noticed an ogre mage
 13958 | D:13     | Reached skill level 5 in Dodging
 13970 | D:13     | Killed an ogre mage
 15133 | Lair:2   | Reached XP level 13. HP: 113/113 MP: 16/16
 15496 | Lair:2   | Noticed Nergalle
 15508 | Lair:2   | Killed Nergalle
 15664 | Lair:2   | Found a staircase to the Shoals.
 15664 | Lair:2   | Noticed Harold
 15692 | Lair:2   | Killed Harold
 15697 | Lair:2   | Noticed Sonja
 15701 | Lair:2   | Sonja changed into Sonja the fire bat
 15701 | Lair:2   | Noticed Sonja
 15704 | Lair:2   | Killed Sonja the fire bat
 16129 | Lair:3   | Reached skill level 10 in Dodging
 16132 | Lair:3   | Found a runed translucent door.
 16132 | Lair:3   | Noticed Yjeari's ghost (journeyman GrMo)
 16202 | Lair:3   | Reached skill level 1 in Evocations
 16285 | Lair:3   | Found a frozen archway.
 16294 | IceCv    | Entered an ice cave
 16326 | IceCv    | Found a transporter.
 16343 | IceCv    | Found a transporter.
 16362 | IceCv    | HP: 4/113 [ice statue/bolt of cold (17)]
 16364 | IceCv    | Killed from afar by an ice statue

Illustrated notes

Levels and vault maps discovered:
D:1:      psy_arrival_dodecagon, layout_loops_corners
D:2:      layout_loops_corners, corexii_corridor_pit
D:3:      layout_loops_corners, grunt_qazlal_clouds, gammafunk_ghost_arena
D:4:      layout_loops_ring
D:5:      layout_cave_pods, nicolae_zen_rock_garden,
          minmay_misc_feat_nine_boxes, grunt_decor_arrowhead
D:6:      layout_basic, lemuel_temple_firewalk_b, enter_ossuary_5
D:7:      layout_basic, ashenzari_altar_1, kennysheep_little_box,
          uniq_prince_ribbit1
D:8:      layout_layer_cave, mainiacjoe_overflow_tiny_flanked,
          mainiacjoe_overflow_chevrons, chequers_serial_rivers_micro_e,
          minmay_chambers_of_fives
D:9:      layout_irregular_city, grunt_temple_overflow_growth_and_decay,
          tso_metal_star, item_on_display_a, uniq_grum
D:10:     layout_big_octagon, lemuel_round_altar,
          hellmonk_okawaru_the_only_friend_you_need, elyvilon_altar_1
D:11:     layout_loops_ring, lair_entry_dummy, orc_david_3
D:12:     minmay_goldmine, layout_long_grid, serial_ice, serial_ice_l,
          serial_ice_d, serial_ice_n, serial_ice_h, serial_shops,
          nicolae_shop_real_fake_doors
D:13:     minmay_bloctagon_deflated, layout_loops_ring, david_vaults_2,
          hellmonk_guarded_unrand_sphere_of_battle
D:14:     layout_roguey, dreamdust_princess_bridge,
          hellmonk_ghost_happy_afterlife, nicolae_sif_muna_little_library,
          uniq_azrael
Lair:1:   layout_roguey, basic_altar, st_stairs_11
Lair:2:   layout_small_grid, nicolae_shoals_entry_roost, roderic_batcave,
          uniq_nergalle, uniq_sonja, uniq_harold
Lair:3:   layout_regular_city, dummy_snake_entry, gammafunk_ghost_grave,
          portal_ice_cave_entry_pillars_1, minivault_23,
          small_statue_intersection, kennysheep_catoblepas_arena,
          lemuel_fruit_fields, infiniplex_staircase_pool_2
IceCv:    ice_cave_statue_garden_transporter

Skill      XL: |  1  2  3  4  5  6  7  8  9 10 11 12 13 |
---------------+----------------------------------------+-----
Long Blades    | 2 3 4 5 6 7 9 11 13 14 | 14.0
Fighting       | 8 10 | 10.0
Shields        | 5 |  5.0
Armour         | 7 10 | 10.0
Dodging        | 7 10 | 10.0
Evocations     | 3 |  3.0

Action                     |  1- 3 |  4- 6 |  7- 9 | 10-12 | 13-15 || total
---------------------------+-------+-------+-------+-------+-------++-------
  Melee: Long sword        |   110 |    80 |       |       |       ||   190
         Demon blade       |       |    41 |   433 |   766 |   256 ||  1496
  Throw: Dart              |       |       |       |     3 |       ||     3
  Evoke: Wand              |       |    11 |       |    18 |     5 ||    34
    Use: Scroll            |    10 |     7 |     6 |    13 |     2 ||    38
         Potion            |       |     6 |     1 |     6 |     6 ||    19
   Stab: Invisible         |       |       |       |     7 |       ||     7
         Confused          |       |       |       |     1 |       ||     1
         Sleeping          |       |       |       |       |     1 ||     1
 Armour: Scale mail        |    48 |    56 |    82 |       |       ||   186
         Ring mail         |       |       |    25 |   363 |    56 ||   444
  Dodge: Dodged            |    47 |    60 |   101 |   333 |   177 ||   718
  Block: Buckler           |    26 |    33 |    86 |   283 |    88 ||   516
